 Dungeon Crawl Stone Soup version 0.30.1-11-g7821555f0a (webtiles) character file.

Game seed: 7074817998897600138

140 pkoi the Insei (level 5, -9/45 HPs)
             Began as a Draconian Monk on Nov 6, 2023.
             Mangled by an ogre
             ... wielding a +0 giant club
              (19 damage)
             ... on level 4 of the Dungeon.
             The game lasted 00:02:26 (3181 turns).

pkoi the Insei (Draconian Monk)                     Turns: 3181, Time: 00:02:27

Health: -9/45      AC:  5    Str: 13    XL:     5   Next: 2%
Magic:  5/5        EV: 12    Int: 12    God:
Gold:   149        SH:  0    Dex: 14    Spells: 4/4 levels left

rFire   . .          .
                       - Unarmed
rCold   . . .        b - orb {light}
rNeg    . . .        (body armour unavailable)
rPois   .            (helmet restricted)
rElec   .            (no cloak)
rCorr   .            (no gloves)
SInv    .            (no boots)
Will    .....        (no amulet)
Stlth   +            (no ring)
HPRegen 0.27/turn    (no ring)
MPRegen 0.09/turn

%: no passive effects
@: glowing
A: AC +5, unfitting armour, cold-blooded
a: no special abilities


You were on level 4 of the Dungeon.
You visited 1 branch of the dungeon, and saw 4 of its levels.

You collected 149 gold pieces.

Inventory:

Armour
 b - an orb of light (worn)
Wands
 h - a wand of digging (5)
Scrolls
 c - 2 scrolls of immolation {unknown}
 e - 3 scrolls of amnesia
 f - a scroll of magic mapping {unknown}
 g - a scroll of teleportation
 i - a scroll of identify
Potions
 a - 2 potions of ambrosia
 d - a potion of brilliance
 j - a potion of curing {unknown}


   Skills:
 - Level 3.2 Fighting
 - Level 2.6 Dodging
 + Level 5.7 Unarmed Combat


You had 4 spell levels left.
You didn't know any spells.
Your spell library was empty.

Dungeon Overview and Level Annotations

Branches:
Dungeon (4/15)
 Temple: D:4-7

Altars:

Shops:
D:3 [


Innate Abilities, Weirdness & Mutations

Your plain brown scales are hard. (AC +5)
You cannot fit into any form of body armour.
You are cold-blooded and may be slowed by cold attacks.


Message History

You're too confused to move!
The ufetubus hits you but does no damage.
The ufetubus completely misses you. The ogre closely misses you.
The ufetubus closely misses you. x2
You hit the ogre.
The ogre is moderately wounded.
The ufetubus closely misses you. x2
The ogre hits you with a +0 giant club!!
Ouch! That really hurt!
* * * LOW HITPOINT WARNING * * *
Unknown command.
You barely miss the ogre.
The ogre is moderately wounded.
The ufetubus misses you. The ufetubus hits you.
* * * LOW HITPOINT WARNING * * *
Unknown command.
You bump into the rock wall.
You feel less invigorated.
You feel less confused. The ufetubus closely misses you. The ufetubus hits you.
* * * LOW HITPOINT WARNING * * *
The ogre barely misses you. The ufetubus barely misses you. x2
Unknown command.
You punch the ogre!
The ogre is heavily wounded.
The ufetubus hits you but does no damage.
The ufetubus hits you.
* * * LOW HITPOINT WARNING * * *
Unknown command.
You punch the ogre!
The ogre is almost dead.
The ogre misses you.
The ufetubus hits you but does no damage.
The ufetubus barely misses you.
Unknown command.
You hit the ogre but do no damage.
You tail-slap the ogre, but do no damage.
The ogre is almost dead.
The ufetubus hits you but does no damage. x2
The ogre hits you with a +0 giant club!!
You die...

#..# #..# #..###
#..#<# #....#
#....##
##.....## ##
#.......###..#
#.).....5@..#
#.........O##
..[..........#
......#.######.#
....###.. #.#
...## ... ...
..# ... ... ..#
#. .. ..#


You could see an ogre and an ufetubus.

Vanquished Creatures
  An orc priest (D:3)
  An iguana (D:3)
  2 adders (D:2)
  A worm (D:2)
  2 dart slugs
  3 orcs
  4 bats
  7 endoplasms
  4 giant cockroaches
  8 goblins
  4 hobgoblins
  4 kobolds
  A ball python (D:1)
  4 frilled lizards
  6 rats
52 creatures vanquished.

Notes
Turn   | Place    | Note
-------+----------+-------------------------------------------
     0 | D:1      | pkoi the Draconian Monk began the quest for the Orb.
     0 | D:1      | Reached XP level 1. HP: 19/19 MP: 1/1
   151 | D:1      | Reached XP level 2. HP: 26/26 MP: 2/2
   577 | D:1      | Reached skill level 4 in Unarmed Combat
  1270 | D:2      | Reached XP level 3. HP: 31/31 MP: 3/3
  1480 | D:2      | Identified the +6 falchion "Ziych" {chaos, rC- Int+5 SInv}
  1886 | D:2      | Identified the +4 robe of Siawkoudd {Str+5}
  2314 | D:3      | Reached XP level 4. HP: 38/38 MP: 4/4
  2435 | D:3      | Reached skill level 5 in Unarmed Combat
  2684 | D:3      | Found Retes's Armour Emporium.
  3117 | D:3      | Reached XP level 5. HP: 42/45 MP: 5/5
  3168 | D:4      | Noticed an ogre
  3181 | D:4      | Mangled by an ogre

Illustrated notes

Levels and vault maps discovered:
D:1:      lemuel_arrival_muddy, layout_basic, hex_intersection
D:2:      layout_loops_corners, minmay_unequal
D:3:      layout_basic, serial_shops, shop, serial_bayou_pond_a
D:4:      layout_layer_cave, serial_shops, nicolae_inconvenience_store,
          nrook_mini_vaults, dreamdust_mushroom_princess

Skill      XL: |  1  2  3  4 |
---------------+-------------+-----
Unarmed Combat | 4 5 |  5.7
Fighting       | |  3.2
Dodging        | |  2.6

Action                     |  1- 3 |  4- 6 || total
---------------------------+-------+-------++-------
  Melee: Unarmed           |    99 |    38 ||   137
         Tailslap          |    16 |     7 ||    23
    Use: Scroll            |     5 |       ||     5
         Potion            |       |     1 ||     1
 Armour: Skin              |    27 |    12 ||    39
  Dodge: Dodged            |    50 |    25 ||    75
